AoeStats
← HR Pinkman

Lombardia

507152128Analyzed
4v4 RM · 15d ago on Sep 16, 2026· 51m 53s· 8 players
Game mode
Random Map
Map size
Large (8 player)
Population
200
Speed
Normal
Resources
Standard
Victory
Conquest
Starting age
Dark Age
Ending age
Imperial Age
RankedLock teamsTeams togetherTeam positionsShared explorationLock speedFull tech treeHidden civsTurbo modeCheats
Victory
Defeat
🇩🇪 Mongols · Germany
1889
+9
🇩🇪 Mapuche · Germany
1839
+11
🇬🇧 Bulgarians · United Kingdom
1733
+15
🇩🇪 Gurjaras · Germany
1560
+22
🇨🇱 Slavs · Chile
1855
-20
🇨🇱 Franks · Chile
1828
-19
🇲🇽 Maya · Mexico
1589
-9
🇲🇽 Burgundians · Mexico
1587
-9
Crouch
6:14 Loom
8:29 Feudal Age
9:26 Double-Bit Axe
12:05 Scale Barding Armor
15:01 Forging
16:33 Wheelbarrow
21:18 Castle Age
18:59 Horse Collar
19:33 Scale Mail Armor
22:15 Bow Saw
23:35 Town Watch
26:17 Heavy Plow
26:45 Gold Mining
28:25 Hand Cart
30:56 Gold Shaft Mining
33:47 Imperial Age
30:58 Pikeman
31:38 Squires
33:14 Chain Mail Armor
33:35 Iron Casting
33:58 Onager
35:13 Siege Engineers
35:43 Crop Rotation
34:39 Halberdier
35:21 Arson
36:08 Plate Mail Armor
36:38 Blast Furnace
35:44 Siege Onager
38:27 Chemistry
37:40 Masonry
37:55 Capped Ram
38:56 Siege Ram
46:19 Coinage
48:44 Banking
48:15 Caravan
DaKrankVieh
7:05 Loom
11:07 Feudal Age
11:46 Double-Bit Axe
17:41 Castle Age
20:14 Horse Collar
22:38 Wheelbarrow
25:00 Heavy Plow
25:54 Bow Saw
27:24 Scale Barding Armor
28:21 Bloodlines
28:25 Forging
28:34 Hand Cart
28:19 Fletching
28:59 Kshatriyas
33:00 Imperial Age
31:03 Husbandry
31:24 Chain Barding Armor
32:45 Iron Casting
31:53 Light Cavalry
33:41 Caravan
34:18 Plate Barding Armor
35:10 Heavy Camel Rider
36:22 Fortified Wall
35:53 Treadmill Crane
36:26 Fortified Wall
35:41 Elite Shrivamsha Rider
37:48 Frontier Guards
40:17 Town Watch
40:56 Ballistics
41:36 Chemistry
40:48 Masonry
44:07 Gold Mining
47:15 Crop Rotation
46:53 Town Patrol
47:56 Conscription
[o.p.]Oliver_Khan
5:53 Loom
8:15 Feudal Age
10:01 Double-Bit Axe
10:46 Horse Collar
15:51 Castle Age
14:08 Horse Collar
17:30 Bow Saw
21:44 Wheelbarrow
22:23 Stone Mining
23:36 Gold Mining
24:04 Heavy Plow
25:32 Hand Cart
29:34 Imperial Age
27:54 Fletching
28:28 Ballistics
28:11 Padded Archer Armor
28:18 Bodkin Arrow
28:53 Padded Archer Armor
30:04 Bloodlines
29:54 Husbandry
30:17 Bracer
30:41 Conscription
31:26 Chemistry
31:13 Thumb Ring
30:46 Capped Ram
33:15 Parthian Tactics
33:23 Drill
33:28 Leather Archer Armor
33:33 Siege Engineers
34:15 Elite Mangudai
35:33 Coinage
35:25 Town Watch
35:57 Masonry
35:41 Siege Ram
38:19 Banking
37:50 Caravan
39:07 Fortified Wall
40:14 Murder Holes
41:39 Hoardings
45:43 Scale Barding Armor
45:49 Forging
48:37 Light Cavalry
49:54 Iron Casting
Jan Itor
6:11 Loom
11:57 Feudal Age
13:31 Double-Bit Axe
15:57 Castle Age
14:55 Horse Collar
15:17 Fletching
16:55 Bodkin Arrow
19:08 Bow Saw
23:50 Padded Archer Armor
26:57 Ballistics
31:16 Wheelbarrow
36:52 Imperial Age
34:51 Heavy Plow
35:14 Gold Mining
36:02 Leather Archer Armor
35:59 Malon
37:08 Elite Bolas Rider
38:12 Conscription
38:16 Butalmapu
38:48 Hand Cart
38:43 Town Watch
39:33 Ring Archer Armor
39:25 Caravan
42:20 Chemistry
42:51 Coinage
44:07 Banking
49:11 Gold Shaft Mining
48:27 Stone Mining
49:57 Siege Engineers
CoterLee
0:27 Loom
10:21 Feudal Age
11:23 Double-Bit Axe
12:11 Fletching
12:05 Horse Collar
20:29 Castle Age
19:27 Gold Mining
20:34 Padded Archer Armor
20:32 Crossbowman
21:09 Bodkin Arrow
22:49 Ballistics
23:15 Leather Archer Armor
25:59 Bow Saw
27:09 Heavy Plow
30:04 Thumb Ring
30:25 Town Watch
31:58 Stone Mining
38:41 Imperial Age
37:46 Wheelbarrow
38:41 Stone Shaft Mining
37:29 Pikeman
37:35 Eagle Warrior
38:39 Forging
38:30 Scale Mail Armor
38:29 Elite Skirmisher
39:23 Squires
38:50 Pikeman
40:04 Arson
40:33 Bracer
41:59 Two-Man Saw
44:42 Elite Eagle Warrior
47:48 Iron Casting
47:29 Chain Mail Armor
47:41 Hand Cart
48:30 Holcans
48:42 Conscription
48:31 Caravan
49:50 Blast Furnace
50:43 Plate Mail Armor
50:40 Halberdier
JC Shoker
4:41 Loom
12:17 Feudal Age
10:39 Double-Bit Axe
11:19 Horse Collar
15:02 Wheelbarrow
18:11 Castle Age
16:27 Bow Saw
16:22 Heavy Plow
19:56 Two-Man Saw
20:02 Gold Mining
20:04 Stone Mining
19:38 Cavalier
22:37 Husbandry
23:30 Town Watch
26:27 Scale Barding Armor
33:13 Imperial Age
32:08 Hand Cart
33:30 Chain Barding Armor
33:20 Forging
33:22 Paladin
35:08 Conscription
36:29 Plate Barding Armor
39:52 Burgundian Vineyards
41:30 Light Cavalry
42:07 Hussar
42:52 Fletching
43:59 Bodkin Arrow
45:24 Bracer
50:02 Chemistry
49:47 Padded Archer Armor
49:47 Murder Holes
50:49 Ballistics
HR Sobek
8:28 Feudal Age
7:24 Loom
9:20 Double-Bit Axe
17:46 Castle Age
17:38 Forging
17:53 Light Cavalry
19:23 Bow Saw
21:39 Husbandry
24:24 Wheelbarrow
23:35 Town Watch
24:43 Stone Mining
24:43 Gold Mining
26:31 Hand Cart
32:37 Imperial Age
30:16 Scale Barding Armor
30:47 Iron Casting
30:50 Gold Shaft Mining
31:24 Chain Barding Armor
32:41 Cavalier
33:44 Conscription
34:02 Plate Barding Armor
34:25 Chivalry
35:40 Blast Furnace
34:22 Paladin
36:01 Ballistics
35:32 Fletching
37:38 Bodkin Arrow
38:42 Masonry
39:08 Hoardings
40:29 Chemistry
40:00 Architecture
39:32 Caravan
41:55 Coinage
48:33 Scale Mail Armor
48:34 Squires
48:20 Arson
49:55 #83
HR Pinkman
6:25 Loom
8:47 Feudal Age
9:58 Double-Bit Axe
10:31 Horse Collar
18:49 Castle Age
19:51 Bow Saw
19:51 Heavy Plow
21:17 Wheelbarrow
26:21 Hand Cart
32:33 Imperial Age
30:38 Scale Barding Armor
30:43 Forging
30:49 Detinets
31:27 Bloodlines
31:18 Husbandry
31:39 Chain Barding Armor
30:43 Pikeman
31:23 Squires
31:37 Gold Mining
31:53 Scale Mail Armor
32:37 Halberdier
33:33 Chain Mail Armor
33:53 Iron Casting
33:41 Conscription
33:00 Capped Ram
34:14 Ballistics
34:55 Chemistry
33:17 Capped Ram
33:57 Onager
35:34 Masonry
36:41 Plate Mail Armor
37:11 Blast Furnace
36:02 Fletching
36:35 Siege Engineers
39:25 Caravan
39:54 Town Watch
40:15 Siege Onager
41:11 Masonry
41:15 Bodkin Arrow
48:49 Coinage
Connection lost

Rejoining the realm…

Still unreachable

The connection could not be restored.

Session expired

The server has moved on; the page needs a fresh start.